AoeStats
← Sheogorath8053

Arena

508307991Analyzed
2v2 RM · 11d ago on Sep 21, 2026· 41m 11s· 4 players
Game mode
Random Map
Map size
Medium (4 player)
Population
200
Speed
Normal
Resources
Standard
Victory
Conquest
Starting age
Dark Age
Ending age
Imperial Age
RankedLock teamsTeams togetherTeam positionsShared explorationLock speedFull tech treeHidden civsTurbo modeCheats
Victory
Defeat
🇦🇷 Magyars · Argentina
1030
+13
🇨🇴 Vietnamese · Colombia
961
+16
🇫🇷 Hindustanis · France
970
-15
🇫🇷 Goths · France
953
-14
Call Me Abso
7:20 Loom
10:43 Feudal Age
15:18 Castle Age
13:48 Double-Bit Axe
14:16 Horse Collar
16:40 Bow Saw
18:01 Heavy Plow
21:02 Wheelbarrow
22:02 Hand Cart
23:48 Stone Mining
25:52 Stone Shaft Mining
28:02 Fortified Wall
30:49 Imperial Age
28:59 Padded Archer Armor
28:51 Fletching
31:08 Grand Trunk Road
32:14 Bloodlines
31:25 Light Cavalry
32:06 Husbandry
32:19 Scale Barding Armor
32:34 Leather Archer Armor
32:15 Bodkin Arrow
32:21 Gold Mining
33:37 Chemistry
32:46 Siege Engineers
32:55 Heavy Camel Rider
32:56 Hussar
35:31 Two-Man Saw
34:55 Chain Barding Armor
35:06 Ring Archer Armor
36:15 Masonry
36:25 Ballistics
36:36 Imperial Camel Rider
37:37 Shatagni
37:57 Conscription
38:41 Plate Barding Armor
38:17 Forging
38:08 Bracer
39:43 Hoardings
Sheogorath8053
0:26 Loom
11:27 Feudal Age
13:18 Double-Bit Axe
13:17 Horse Collar
18:06 Castle Age
20:03 Wheelbarrow
19:14 Town Watch
20:36 Squires
20:01 Man-at-Arms
25:57 Bow Saw
27:03 Scale Mail Armor
34:54 Heavy Plow
39:41 Town Patrol
Tutmosis
9:23 Feudal Age
10:14 Double-Bit Axe
15:32 Castle Age
14:22 Horse Collar
16:08 Wheelbarrow
15:27 Gold Mining
16:14 Heavy Plow
18:45 Bow Saw
20:56 Hand Cart
32:42 Imperial Age
30:17 Town Watch
31:12 Town Patrol
32:46 Stone Mining
33:28 Squires
33:48 Forging
33:39 Scale Mail Armor
35:11 Paper Money
36:36 Elite Fire Lancer
37:43 Chain Mail Armor
Bvptistvs III
10:46 Feudal Age
12:56 Loom
16:09 Castle Age
14:45 Double-Bit Axe
16:17 Horse Collar
18:56 Gold Mining
21:28 Fletching
24:05 Heavy Plow
26:23 Scale Barding Armor
26:57 Bow Saw
29:38 Gold Shaft Mining
30:23 Wheelbarrow
29:35 Town Watch
30:31 Wheelbarrow
29:59 Stone Mining
33:40 Imperial Age
32:11 Chain Barding Armor
33:40 Hand Cart
35:20 Block Printing
35:19 Recurve Bow
35:18 Bodkin Arrow
35:24 Padded Archer Armor
35:47 Conscription
36:01 Parthian Tactics
36:49 Two-Man Saw
36:21 Crop Rotation
37:07 Thumb Ring
37:17 Heavy Cavalry Archer
37:50 Capped Ram
38:56 Leather Archer Armor
40:24 Ring Archer Armor
39:59 Bracer
41:40 Corvinian Army
41:01 Elite Magyar Huszar
Connection lost

Rejoining the realm…

Still unreachable

The connection could not be restored.

Session expired

The server has moved on; the page needs a fresh start.